Map: Prion Terraces

Players

Binz

  • Race: Zerg Zerg
  • League: Diamond

ILLBdA - Winner!

  • Race: Protoss Protoss
  • League: Diamond

VOD

Have the link to the VOD?

Description

Time

  • Played on: Dec. 10, 2015, 5:30 p.m.
  • Length: 7:34
Show
View Real Time Build Order
Export as new Build Order

Binz Zerg 

Build Orders: 3 Hatch before Pool 

Get SALT Encoding   

  12  0:01  Drone  
  13  0:12  Overlord  
  13  0:18  Drone  
  14  0:30  Drone x2  
  14  0:34  Drone  
  17  0:53  Hatchery  
  17  0:55  Drone  
  17  0:58  Drone  
  18  1:22  Hatchery, Drone  
  18  1:37  Spawning Pool  
  18  1:38  Drone  
  18  1:42  Drone  
  18  1:46  Extractor  
  18  1:48  Drone  
  18  1:51  Drone  
  20  2:01  Drone  
  21  2:09  Drone  
  22  2:17  Overlord  
  22  2:18  Drone  
  23  2:24  Queen  
  23  2:26  Queen  
  27  2:34  Queen  
  29  2:42  Drone  
  29  2:43  Drone  
  31  2:48  Zergling x4  
  33  2:54  Zergling x2  
  33  2:55  Zergling x2  
  33  2:57  Metabolic Boost  
  35  3:01  Drone  
  36  3:08  Drone x2  
  36  3:09  Drone  
  39  3:13  Extractor  
  39  3:19  Drone x2  
  41  3:20  Drone x2  
  42  3:28  Lair  
  42  3:30  Overlord  
  42  3:50  Drone x3  
  42  3:51  Drone x5  
  42  3:54  Spore Crawler  
  49  3:59  Spore Crawler  
  48  4:04  Spore Crawler  
  48  4:07  Spore Crawler  
  46  4:16  Drone  
  46  4:17  Drone x3  
  48  4:21  Overlord  
  48  4:22  Overlord  
  50  4:27  Spore Crawler  
  50  4:30  Spore Crawler  
  48  4:34  Hydralisk Den  
  48  4:36  Evolution Chamber  
  48  4:37  Evolution Chamber  
  45  4:38  Drone  
  45  4:39  Drone x7  
  45  4:43  Extractor  
  45  4:44  Extractor x2  
  50  4:46  Drone, Extractor  
  50  4:48  Drone  
  51  4:55  Drone  
  51  4:56  Drone x3  
  51  4:57  Drone  
  51  4:58  Drone  
  57  5:00  Drone  
  57  5:02  Drone  
  57  5:03  Drone  
  57  5:04  Drone  
  60  5:28  Overlord  
  60  5:29  Overlord  
  60  5:36  Overlord x2  
  60  5:46  Queen  
  60  5:48  Hydralisk x5  
  60  5:49  Hydralisk  
  72  5:52  Pneumatized Carapace  
  72  6:00  Hydralisk x4  
  80  6:08  Muscular Augments  
  78  6:18  Overlord, Hydralisk  
  74  6:35  Queen  
  74  6:38  Drone  
  74  6:39  Drone x4  
  81  6:49  Overlord x2  
  81  6:50  Overlord x2  
  76  7:09  Zergling x2  
  76  7:10  Zergling x14  
Show
View Real Time Build Order
Export as new Build Order

ILLBdA Protoss - Winner!

Build Orders: Nexus First, Phoenix Opening 

Get SALT Encoding   

  12  0:01  Probe (Chrono Boost)  
  13  0:11  Probe (Chrono Boost)  
  14  0:21  Pylon  
  14  0:22  Probe (Chrono Boost)  
  15  0:39  Probe (Chrono Boost)  
  16  0:49  Probe (Chrono Boost)  
  17  0:57  Nexus  
  17  1:01  Probe (Chrono Boost)  
  18  1:12  Gateway  
  18  1:17  Assimilator  
  18  1:22  Assimilator  
  18  1:25  Probe (Chrono Boost)  
  19  1:35  Probe (Chrono Boost)  
  20  1:46  Probe (Chrono Boost)  
  21  1:57  Probe (Chrono Boost)  
  21  2:01  Cybernetics Core  
  22  2:02  Pylon  
  22  2:07  Probe (Chrono Boost)  
  23  2:09  Probe (Chrono Boost)  
  23  2:11  Zealot (Chrono Boost)  
  26  2:18  Probe (Chrono Boost)  
  26  2:20  Probe (Chrono Boost)  
  28  2:25  Pylon  
  28  2:28  Probe (Chrono Boost)  
  29  2:30  Probe (Chrono Boost)  
  30  2:38  Adept (Chrono Boost)  
  30  2:39  Probe x2  
  30  2:40  Warp Gate  
  34  2:53  Stargate  
  34  3:00  Pylon  
  34  3:08  Stalker (Chrono Boost)  
  34  3:09  Probe  
  34  3:12  Assimilator  
  37  3:13  Probe  
  37  3:14  Assimilator  
  38  3:23  Mothership Core  
  38  3:24  Twilight Council  
  40  3:31  Probe  
  41  3:43  Phoenix  
  43  3:53  Probe  
  43  3:55  Probe  
  44  3:59  Pylon  
  45  4:05  Probe  
  46  4:11  Pylon  
  46  4:13  Phoenix  
  48  4:25  Charge (Chrono Boost)  
  48  4:38  Phoenix  
  48  4:40  Pylon  
  48  4:43  Gateway  
  48  4:45  Gateway  
  50  4:46  Gateway  
  50  4:49  Zealot  
  52  4:57  Gateway  
  52  4:59  Gateway  
  52  5:03  Phoenix  
  52  5:05  Probe  
  55  5:14  Zealot  
  55  5:15  Probe  
  55  5:17  Probe  
  59  5:28  Phoenix  
  61  5:47  Zealot  
  61  5:48  Zealot x2  
  67  5:53  Zealot, Phoenix  
  71  6:05  Zealot  
  71  6:06  Zealot  
  75  6:17  Zealot x3  
  75  6:18  Zealot, Phoenix  
  85  6:35  Pylon  
  85  6:36  Pylon  
  85  6:37  Pylon  
  85  6:42  Robotics Facility  
  85  7:08  Pylon  
  85  7:10  Zealot x5  
  87  7:29  Zealot  
Tags
 
Add a new tag
Caveats
  • Supply blocks, unpowered buildings, or Contaminate may cause inaccurate times.
  • Supply counts are checked every 10 seconds.